AoeStats
← a.l.a.n.t

QS Arena

503224552Analyzed
2v2 RM · 1mo ago on Aug 30, 2026· 56m 53s· 4 players
Game mode
Random Map
Map size
Medium (4 player)
Population
200
Speed
Normal
Resources
Standard
Victory
Conquest
Starting age
Dark Age
Ending age
Imperial Age
RankedLock teamsTeams togetherTeam positionsShared explorationLock speedFull tech treeHidden civsTurbo modeCheats
Victory
Defeat
🇬🇧 Italians · United Kingdom
1225
+11
🇮🇶 Vikings · Iraq
1020
+20
🇺🇸 Poles · United States
1103
-15
🇺🇸 Britons · United States
1103
-15
Hellcatz63
4:57 Loom
9:46 Feudal Age
14:47 Castle Age
12:39 Double-Bit Axe
13:02 Stone Mining
13:35 Horse Collar
22:45 Heavy Plow
22:57 Bow Saw
22:40 Gold Mining
26:26 Imperial Age
24:29 Fletching
26:25 Yeomen
27:03 Bodkin Arrow
29:18 Gold Shaft Mining
29:48 Two-Man Saw
28:58 Bracer
32:50 Ballistics
32:46 Elite Longbowman
34:56 Chemistry
35:33 Padded Archer Armor
54:07 Conscription
Reamker
8:07 Feudal Age
12:46 Castle Age
12:30 Double-Bit Axe
12:27 Horse Collar
14:49 Bow Saw
21:12 Heavy Plow
22:30 Szlachta Privileges
22:43 Fletching
22:54 Padded Archer Armor
23:07 Forging
23:02 Scale Barding Armor
29:00 Iron Casting
28:46 Chain Barding Armor
30:45 Bloodlines
30:35 Husbandry
37:16 Imperial Age
35:45 Chain Barding Armor
37:16 Cavalier
a.l.a.n.t
8:07 Feudal Age
12:45 Castle Age
11:42 Double-Bit Axe
11:43 Horse Collar
14:04 Bow Saw
17:18 Wheelbarrow
25:40 Imperial Age
23:22 Fletching
24:56 Ballistics
24:34 Bodkin Arrow
24:40 Padded Archer Armor
27:22 Chemistry
26:26 Bracer
26:55 Conscription
26:54 Leather Archer Armor
27:17 Loom
27:31 Elite Genoese Crossbowman
29:46 Stone Mining
31:11 Ring Archer Armor
31:10 Capped Ram
31:36 Elite Skirmisher
32:27 Scale Barding Armor
37:36 Chain Barding Armor
39:52 Plate Barding Armor
39:28 Forging
40:23 Husbandry
40:33 Bloodlines
39:44 Cavalier
44:56 Light Cavalry
46:23 Hussar
56:37 Pikeman
57:18 Squires
aryaszahir958
7:32 Feudal Age
9:11 Double-Bit Axe
9:22 Horse Collar
12:50 Loom
15:25 Castle Age
13:52 Stone Mining
13:54 Gold Mining
17:15 Squires
18:12 Scale Mail Armor
21:59 Forging
24:54 Chain Mail Armor
29:23 Gold Shaft Mining
33:50 Imperial Age
30:58 Elite Skirmisher
32:26 Heavy Plow
33:46 Chieftains
34:02 Capped Ram
36:11 Elite Berserk
37:28 Plate Mail Armor
36:56 Siege Ram
41:20 Fletching
41:31 Padded Archer Armor
45:28 Bodkin Arrow
45:49 Leather Archer Armor
47:42 Iron Casting
50:31 Chemistry
52:33 Cavalier
54:19 Blast Furnace
53:20 Bracer
53:25 Scale Barding Armor
53:51 Ring Archer Armor
55:10 Bogsveigar
Connection lost

Rejoining the realm…

Still unreachable

The connection could not be restored.

Session expired

The server has moved on; the page needs a fresh start.